 Dungeon Sprint DCSS version 0.29.1-13-g9f3cf754e1 (webtiles) character file.

Game seed: 6232801314984842321

13892 Groucho the Spry (level 11, -14/58 HPs)
             Began as a Spriggan Enchanter on Feb 11, 2023.
             Was a High Priest of Dithmenos.
             Killed from afar by a purple draconian shifter (39 damage)
             ... with a bolt of dispelling energy
             ... in the Dungeon (Sprint II: "The Violet Keep of Menkaure").
             The game lasted 00:19:45 (4693 turns).

Groucho the Spry (Spriggan Enchanter)               Turns: 4693, Time: 00:19:46

Health: -14/58     AC:  6    Str: 17    XL:     11   Next: 81%
Magic:  26/32      EV: 25    Int: 20    God:    Dithmenos [*****.]
Gold:   716        SH:  0    Dex: 10    Spells: 35/43 levels left

rFire   . . .      SeeInvis +   a - +1 dagger
rCold   + . .      Faith    .   (no shield)
rNeg    + + .      Spirit   .   f - +0 robe of Repulsion {rN++ Str+2 Int-2}
rPois   .          Reflect  .   (helmet restricted)
rElec   .          Harm     .   k - +1 cloak of the Vestibule of Hell {rC+ Str+5}
rCorr   .          Rampage  .   (gloves unavailable)
Will    +....      NoTele   +   (boots unavailable)
Stlth   ++++++++++              (no amulet)
HPRegen 0.19/turn               j - ring of Starshine {Fly Str+2 Int+4 Dex-5}
MPRegen 0.23/turn               (no ring)

@: untranslocatable, flying, wreathed by umbra, very quick
A: very small, no large weapons, unfitting armour, see invisible, speed 3,
talons 1, iridescent scales 1, MP-powered wands
a: Renounce Religion, Shadow Step, Shadow Form


You were in the Dungeon.
You worshipped Dithmenos.
Dithmenos was extremely pleased with you.
You visited 1 branch You collected 1724 gold pieces.
You spent 1008 gold pieces at shops.

Inventory:

Hand Weapons
 a - a +1 dagger (weapon)
Missiles
 A - 4 poisoned darts (quivered)
 B - 16 stones
 C - 3 boomerangs
Armour
 f - the +0 robe of Repulsion (worn) {rN++ Str+2 Int-2}
   (You bought it in a shop in the Dungeon)

   Str:       It affects your strength (+2).
   Int:       It affects your intelligence (-2).
   rN:        It greatly protects you from negative energy.
 k - the +1 cloak of the Vestibule of Hell (worn) {rC+ Str+5}
   (You bought it in a shop in the Dungeon)

   Str:       It affects your strength (+5).
   rC:        It protects you from cold.
 x - a scarf of repulsion
Jewellery
 j - the ring of Starshine (left hand) {Fly Str+2 Int+4 Dex-5}
   (You bought it in a shop in the Dungeon)

   [ring of flight]

   Str:       It affects your strength (+2).
   Int:       It affects your intelligence (+4).
   Dex:       It affects your dexterity (-5).
   Fly:       It grants you flight.
 p - a ring of protection from fire
Scrolls
 b - a scroll of magic mapping {unknown}
 l - 7 scrolls of identify {unknown}
 m - 2 scrolls of enchant weapon {unknown}
 o - a scroll of butterflies {unknown}
 r - a scroll of torment {unknown}
 s - a scroll of enchant armour {unknown}
 u - a scroll of amnesia {unknown}
 v - a scroll of blinking
 y - a scroll of vulnerability {unknown}
Potions
 d - 2 potions of curing
 g - 5 potions of magic
 h - a potion of berserk rage
 n - 3 potions of resistance
 q - 2 potions of flight
 t - a potion of mutation
 w - a potion of brilliance {unknown}
 z - a potion of lignification {unknown}
Miscellaneous
 c - a lightning rod (4/4)


   Skills:
 + Level 7.0 Fighting
 - Level 10.0 Short Blades
 + Level 20.7 Dodging
 - Level 18.0 Stealth
 - Level 16.6 Spellcasting
 - Level 14.0 Hexes
 + Level 8.0 Invocations


You had 35 spell levels left.
You knew the following spells:

 Your Spells              Type           Power      Damage    Failure   Level
a - Ensorcelled Hibernat  Hex/Ice        88%        N/A       1%          2
b - Confusing Touch       Hex            64%        N/A       1%          3
c - Dazzling Flash        Conj/Hex       88%        N/A       1%          3

Your spell library contained the following spells:

 Spells                   Type           Power      Damage    Failure   Level
 Tukima's Dance           Hex            64%        N/A       1%          3
 Apportation              Tloc           32%        N/A       3%          1
 Alistair's Intoxication  Tmut/Pois      10%        N/A       69%         5


Dungeon Overview and Level Annotations

Branches:
Dungeon (1/1)

Altars:
Cheibriados
Dithmenos
Elyvilon
Fedhas
Gozag
Hepliaklqana
Kikubaaqudgha
Makhleb
Nemelex Xobeh
Okawaru
Qazlal
Ru
Sif Muna
Trog
Uskayaw
Vehumet
Wu Jian
Xom
Yredelemnul
Zin
The Shining One
Jiyva
Lugonu

Shops:
D :!!:=?[=(=*?=[[

Annotations:
D exclusions: ice statue, oklob plant and orange crystal statue


Innate Abilities, Weirdness & Mutations

You are very small and have problems with some larger weapons.
You are too small for most types of armour.
You have supernaturally acute eyesight. (SInv)
You cover ground extremely quickly. (Speed+++)
You have sharp toenails.
You are partially covered in iridescent scales. (AC +2)
You expend magic power (3 MP) to strengthen your wands.


Message History

The bolt of dispelling energy misses you.
Unknown command.
Unknown command.
Unknown command.
You catch the helpless hellephant completely off-guard!
You perforate the hellephant like a sieve!!!
The hellephant is severely wounded.
You hit the purple draconian shifter but do no damage.
The purple draconian shifter is almost dead.
You hit the purple draconian shifter but do no damage.
Your kick misses the purple draconian shifter.
The purple draconian shifter is almost dead.
The hellephant tramples you.
You hold your ground!
The hellephant bites you! The hellephant gores you!
* * * LOW HITPOINT WARNING * * *
You are too injured to fight recklessly!
You are too injured to fight recklessly!
You hit the hellephant but do no damage.
Your kick misses the hellephant.
The hellephant is severely wounded.
Your shadow hits the hellephant but does no damage.
You feel much better.
You flicker back into view.
Okay, then.
Okay, then.
You barely miss the hellephant.
The hellephant is severely wounded.
The hellephant breathes flames at you. The blast of flame misses you.
The purple draconian shifter hits you with a +0 dagger!
You barely miss the hellephant. Your kick misses the hellephant.
The hellephant is severely wounded.
Your resistance to elements expires.
You completely miss the hellephant. You claw the hellephant.
The hellephant is severely wounded.
The purple draconian shifter breathes dispelling energy at you.
The bolt of dispelling energy hits you!!!
Your magical effects are unravelling.
Ouch! That really hurt!
You die...

▓▓▓ ..▓ ▓▓+▓▓▓▓.▓
+...▓0..▓
#.○°▓▓▓▓▓▓▓▓▓▓
##°..▓≈§§§≈≈≈≈▓▓
k##°[▓▓▓▓▓▓▓▓▓▓▓▓+▓▓
kk#})▓).......▓▓.Y.▓
..#}|▓........▓▓@§.▓
#k#|:▓.......[▓▓q..▓
9####▓..[[[.[[▓▓§§.▓
k# $#▓).))....▓▓§§$▓
.# .#▓....[..)▓▓.).▓
.# .#▓....[...▓▓.⌠$▓
.##)#▓[.[.....▓▓.$.▓
...##▓▓▓▓▓▓▓'▓▓▓▓'▓▓
~~~~~~~~~~~~...≈≈≈▓


You could see a hellephant (wandering, blind, catching breath) and a purple
draconian shifter (catching breath).

Vanquished Creatures
  A deep elf master archer (D)
  A kraken (D)
  2 sphinxes (D)
  2 boulder beetles (D)
  A death yak (D)
  2 hell hogs (D)
  Sonja (D)
  A death drake (D)
  2 deep trolls (D)
  A glowing orange brain (D)
  A yaktaur (D)
  2 polar bears (D)
  A hornet (D)
  12 flying skulls (D)
  4 neqoxecs (D)
  A vampire mosquito (D)
  Menkaure (D)
  4 water moccasins (D)
  4 scorpions (D)
  3 worms (D)
47 creatures vanquished.

Vanquished Creatures (others)
  A polar bear (D)
  4 tentacles (D)
5 creatures vanquished.

Grand Total: 52 creatures vanquished

Notes
Turn   | Place    | Note
-------+----------+-------------------------------------------
     0 | D        | Groucho the Spriggan Enchanter began the quest for the Orb.
     0 | D        | Reached XP level 1. HP: 9/9 MP: 5/5
     3 | D        | Noticed a boulder beetle
     3 | D        | Noticed a boulder beetle
     6 | D        | Noticed a scorpion
     6 | D        | Noticed a scorpion
     6 | D        | Noticed a scorpion
     6 | D        | Noticed a scorpion
     9 | D        | Killed a scorpion
    10 | D        | Reached skill level 5 in Hexes
    10 | D        | Reached XP level 2. HP: 13/13 MP: 5/8
    10 | D        | Reached XP level 3. HP: 16/16 MP: 6/10
    10 | D        | Killed a scorpion
    11 | D        | Reached skill level 10 in Stealth
    11 | D        | Reached skill level 5 in Spellcasting
    11 | D        | Reached XP level 4. HP: 21/21 MP: 6/12
    12 | D        | Killed a scorpion
    13 | D        | Reached skill level 5 in Short Blades
    13 | D        | Reached XP level 5. HP: 24/24 MP: 6/14
    26 | D        | Noticed an ice statue
    41 | D        | Noticed a neqoxec
    41 | D        | Noticed a neqoxec
    41 | D        | Noticed a neqoxec
    41 | D        | Noticed a neqoxec
    42 | D        | Killed a neqoxec
    43 | D        | Reached XP level 6. HP: 28/28 MP: 8/17
    47 | D        | Gained mutation: Potions are less effective at restoring
                  | your health. [a neqoxec]
    50 | D        | Gained mutation: Potions cannot restore your health. [a
                  | neqoxec]
    52 | D        | Killed a neqoxec
    56 | D        | Killed a neqoxec
    57 | D        | Reached skill level 15 in Stealth
    57 | D        | Reached XP level 7. HP: 32/32 MP: 10/20
    59 | D        | Killed a neqoxec
    69 | D        | Killed a boulder beetle
    70 | D        | Reached skill level 10 in Spellcasting
    70 | D        | Reached XP level 8. HP: 35/36 MP: 10/23
    72 | D        | Killed a boulder beetle
    73 | D        | Reached skill level 10 in Short Blades
    97 | D        | Found Biheext's Antique Weapon Boutique.
    97 | D        | Found Ciruxa's Jewellery Shop.
    97 | D        | Found Estrauraq's General Store.
    97 | D        | Found Zugu Via's Armour Shop.
    97 | D        | Found Asigraov's Antique Armour Boutique.
   102 | D        | Learned a level 2 spell: Ensorcelled Hibernation
   106 | D        | Learned a level 3 spell: Confusing Touch
   110 | D        | Learned a level 3 spell: Dazzling Flash
   111 | D        | Found Yvoewnaz's Antique Armour Shop.
   111 | D        | Found Abluir's Jewellery Boutique.
   111 | D        | Found Usmyircha's Magic Scroll Shop.
   111 | D        | Found Loshrucicw's Magic Scroll Boutique.
   111 | D        | Found Wiuc's Jewellery Shop.
   111 | D        | Found Rogavut's Book Boutique.
   112 | D        | Found Itis's Jewellery Shop.
   112 | D        | Found Cutacof's Distillery.
   112 | D        | Found Wasestrih's Distillery.
   112 | D        | Noticed Menkaure
   112 | D        | Noticed a cane toad
   127 | D        | Reached XP level 9. HP: 39/39 MP: 16/26
   302 | D        | Killed Menkaure
   303 | D        | Reached skill level 3 in Dodging
   312 | D        | Reached skill level 4 in Dodging
   313 | D        | Noticed a cane toad
   313 | D        | Noticed an oklob plant
   314 | D        | Found Viunupt's Book Shoppe.
   318 | D        | Noticed a fire dragon
   343 | D        | Bought a faintly glowing robe for 114 gold pieces
   343 | D        | Identified the +0 robe of Repulsion {rN++ Str+2 Int-2} (You
                  | bought it in a shop in the Dungeon)
   349 | D        | Bought the ring of Starshine {Fly Str+2 Int+4 Dex-5} for
                  | 292 gold pieces
   569 | D        | Bought the +1 cloak of the Vestibule of Hell {rC+ Str+5}
                  | for 442 gold pieces
   607 | D        | Reached skill level 5 in Dodging
   609 | D        | Reached skill level 6 in Dodging
   612 | D        | Reached skill level 7 in Dodging
   616 | D        | HP: 1/39 [flying skull (5)]
  1635 | D        | Reached skill level 1 in Fighting
  1635 | D        | Reached skill level 8 in Dodging
  1857 | D        | Reached skill level 9 in Dodging
  1892 | D        | Found a snail-covered altar of Cheibriados.
  1893 | D        | Found a shadowy altar of Dithmenos.
  1894 | D        | Found a white marble altar of Elyvilon.
  1894 | D        | Found an ancient bone altar of Kikubaaqudgha.
  1894 | D        | Found a viscous altar of Jiyva.
  1895 | D        | Found a blossoming altar of Fedhas.
  1895 | D        | Found a corrupted altar of Lugonu.
  1895 | D        | Found a shimmering blue altar of Sif Muna.
  1897 | D        | Found an opulent altar of Gozag.
  1897 | D        | Found a burning altar of Makhleb.
  1897 | D        | Found a bloodstained altar of Trog.
  1898 | D        | Found a sparkling altar of Nemelex Xobeh.
  1898 | D        | Found a hide-covered altar of Uskayaw.
  1899 | D        | Found a basalt altar of Yredelemnul.
  1900 | D        | Found an iron altar of Okawaru.
  1900 | D        | Found a radiant altar of Vehumet.
  1900 | D        | Found a glowing silver altar of Zin.
  1900 | D        | Found a hazy altar of Hepliaklqana.
  1900 | D        | Found a sacrificial altar of Ru.
  1900 | D        | Found a shimmering altar of Xom.
  1900 | D        | Noticed a polar bear
  1901 | D        | Found a stormy altar of Qazlal.
  1901 | D        | Found an ornate altar of the Wu Jian Council.
  1901 | D        | Found a glowing golden altar of the Shining One.
  1901 | D        | Noticed a yaktaur
  1901 | D        | Noticed a polar bear
  1905 | D        | Became a worshipper of Dithmenos the Shadowed
  1907 | D        | Noticed a polar bear
  1912 | D        | Killed a polar bear
  1923 | D        | Killed a yaktaur
  1924 | D        | Reached skill level 10 in Dodging
  1924 | D        | Reached skill level 15 in Spellcasting
  1924 | D        | Reached XP level 10. HP: 20/49 MP: 15/30
  1925 | D        | Noticed a death drake
  2107 | D        | Noticed a deep elf master archer
  2112 | D        | Killed a deep elf master archer
  2112 | D        | Reached * piety under Dithmenos
  2113 | D        | Reached skill level 5 in Fighting
  2113 | D        | Reached skill level 11 in Dodging
  2218 | D        | Noticed a hell hog
  2218 | D        | Noticed a hell hog
  2222 | D        | Killed a hell hog
  2223 | D        | Reached skill level 12 in Dodging
  2227 | D        | Killed a hell hog
  2227 | D        | Reached ** piety under Dithmenos
  2739 | D        | Noticed a death yak
  2742 | D        | Killed a death yak
  2743 | D        | Reached skill level 13 in Dodging
  2751 | D        | Noticed a death drake
  2751 | D        | Noticed a crystal guardian
  2794 | D        | Killed a death drake
  2795 | D        | Reached skill level 15 in Dodging
  3094 | D        | Reached *** piety under Dithmenos
  3095 | D        | Reached XP level 11. HP: 31/58 MP: 30/32
  3432 | D        | Noticed an orange crystal statue
  3483 | D        | Reached skill level 16 in Dodging
  3509 | D        | Bought a potion of invisibility for 80 gold pieces
  3509 | D        | Bought a potion of invisibility for 80 gold pieces
  3632 | D        | Reached **** piety under Dithmenos
  4351 | D        | Noticed a kraken
  4379 | D        | Killed a kraken
  4380 | D        | Reached skill level 18 in Dodging
  4558 | D        | Reached skill level 1 in Invocations
  4564 | D        | Noticed a deep troll
  4565 | D        | Noticed a deep troll
  4567 | D        | Killed a deep troll
  4568 | D        | Killed a deep troll
  4569 | D        | Reached skill level 19 in Dodging
  4590 | D        | Lost mutation: Potions cannot restore your health. [potion
                  | of mutation]
  4590 | D        | Lost mutation: Potions are less effective at restoring your
                  | health. [potion of mutation]
  4590 | D        | Gained mutation: You are partially covered in iridescent
                  | scales. (AC +2) [potion of mutation]
  4590 | D        | Gained mutation: You expend magic power (3 MP) to
                  | strengthen your wands. [potion of mutation]
  4590 | D        | Gained mutation: You have sharp toenails. [potion of
                  | mutation]
  4593 | D        | Noticed a sphinx
  4594 | D        | Noticed a sphinx
  4596 | D        | Killed a sphinx
  4596 | D        | Reached ***** piety under Dithmenos
  4597 | D        | Reached skill level 5 in Invocations
  4597 | D        | Killed a sphinx
  4598 | D        | Reached skill level 20 in Dodging
  4640 | D        | Noticed a hellephant
  4640 | D        | Noticed a glowing orange brain
  4640 | D        | Noticed Sonja
  4641 | D        | Noticed a purple draconian shifter
  4642 | D        | Killed Sonja
  4651 | D        | Killed a glowing orange brain
  4693 | D        | Killed from afar by a purple draconian shifter

Illustrated notes

Levels and vault maps discovered:
D:        the_violet_keep_of_menkaure [sprint2_stairs_cluster_1,
          sprint2_shoproom, sprint2_temple, sprint2_basic_supplies,
          sprint2_obstacle_2, sprint2_obstacle_4, sprint2_obstacle_1,
          sprint2_obstacle_5, sprint2_obstacle_6, sprint2_timed_cluster_1,
          sprint2_smallroom_cluster_1, sprint2_smallroom_final_cluster_1,
          sprint2_transparent_cluster_1, sprint2_second_timed_cluster_1,
          sprint2_sniper_area_1, sprint2_heavy_combat_area_1,
          sprint2_mutation_trap_area_1, sprint2_forest_area_1,
          sprint2_light_combat_area_1, sprint2_behind_water_1,
          sprint2_near_end_vault_1]

Skill      XL: |  1  2  3  4  5  6  7  8  9 10 11 |
---------------+----------------------------------+-----
Short Blades   | 3 4 5 6 7 9 10 | 10.0
Stealth        | 8 10 11 14 15 17 18 | 18.0
Spellcasting   | 4 5 6 7 8 10 12 15 16 | 16.6
Hexes          | 5 6 8 9 11 13 14 | 14.0
Dodging        | 10 15 20 | 20.7
Fighting       | 3 7 |  7.0
Invocations    | 8 |  8.0

Action                   |  1- 3 |  4- 6 |  7- 9 | 10-12 || total
-------------------------+-------+-------+-------+-------++-------
Melee: Dagger            |     2 |    19 |    99 |   101 ||   221
       Punch             |       |       |     1 |     2 ||     3
       Kick              |       |       |       |    10 ||    10
 Cast: Confusing Touch   |       |       |    15 |     5 ||    20
       Ensorcelled Hiber |       |       |     7 |     9 ||    16
       Dazzling Flash    |       |       |       |     3 ||     3
Invok: Shadow Step       |       |       |       |     1 ||     1
  Use: Potion            |     2 |       |     1 |     9 ||    12
       Scroll            |       |       |     1 |       ||     1
 Stab: Sleeping          |     2 |     4 |     4 |    15 ||    25
       Invisible         |       |     5 |     2 |    10 ||    17
       Confused          |       |       |    11 |     6 ||    17
Armor: Robe              |       |       |     6 |     7 ||    13
Dodge: Dodged            |     1 |     4 |    51 |    45 ||   101
